 Dungeon Crawl Stone Soup version 0.19-a0-1899-g2d93087 (webtiles) character file.

84 KarmaPolice the Vandal (level 4, -1/30 HPs)
             Began as a Halfling Hunter on Oct 19, 2016.
             Was an Initiate of Okawaru.
             Slain by Ijyb (2 damage)
             ... on level 3 of the Dungeon.
             The game lasted 00:05:29 (2761 turns).

KarmaPolice the Vandal (Halfling Hunter)            Turns: 2761, Time: 00:05:30

Health: -1/30      AC:  3    Str: 13    XL:     4   Next: 74%
Magic:  5/5        EV: 14    Int:  9    God:    Okawaru [......]
Gold:   128        SH:  0    Dex: 15    Spells: 0 memorised, 3 levels left

rFire  . . .     SeeInvis .     b - +0 short sword
rCold  . . .     Gourm    .     c - +0 leather armour
rNeg   . . .     Faith    .     (shield restricted)
rPois  .         Spirit   .     (no helmet)
rElec  .         Reflect  .     (no cloak)
rCorr  .         Harm     .     (no gloves)
MR     .....                    (no boots)
Stlth  ++........               (no amulet)
                                (no ring)
                                (no ring)

@: lethally poisoned (-1 -> -3)
A: mutation resistance 1
a: Renounce Religion


You were on level 3 of the Dungeon.
You worshipped Okawaru.
Okawaru was noncommittal.
You were not hungry.

You visited 1 branch of the dungeon, and saw 3 of its levels.

You collected 128 gold pieces.

Inventory:

Hand Weapons
 a - a +1 hunting sling
 b - a +0 short sword (weapon)
Missiles
 d - 40 sling bullets
 g - 2 curare-tipped needles
 l - 38 stones (quivered)
Armour
 c - a +0 leather armour (worn)
Jewellery
 j - an uncursed ring of stealth {unknown}
Scrolls
 e - a scroll of fog {unknown}
 i - 2 scrolls of remove curse {unknown}
 k - a scroll of identify {unknown}
 m - 3 scrolls of random uselessness {unknown}
Potions
 h - a potion of berserk rage {unknown}
 p - a potion of curing {unknown}
Comestibles
 f - 3 bread rations
 n - a meat ration
 o - a chunk of flesh


   Skills:
 + Level 2.6 Fighting
 + Level 1.9 Short Blades
 - Level 6.0 Slings
 + Level 0.7 Armour
 - Level 2.1 Dodging
 - Level 2.3 Stealth
 + Level 1.5 Invocations


You had 3 spell levels left.
You didn't know any spells.

Dungeon Overview and Level Annotations

Branches:
Dungeon (3/15)

Altars:
Okawaru
Ru

Annotations:
D:3 Ijyb


Innate Abilities, Weirdness & Mutations

You are small and have problems with some larger weapons.
You are somewhat resistant to further mutation.


Message History

Ijyb is heavily wounded.
Ijyb hits you but does no damage.
You closely miss Ijyb.
Ijyb is heavily wounded.
Ijyb hits you but does no damage.
You hit Ijyb but do no damage.
Ijyb is heavily wounded.
Ijyb closely misses you.
You hit Ijyb.
Ijyb is severely wounded.
* * * LOW HITPOINT WARNING * * *
You feel sick. Ijyb hits you.
* * * LOW HITPOINT WARNING * * *
You hit Ijyb but do no damage.
Ijyb is severely wounded.
Ijyb misses you.
You hit Ijyb but do no damage.
Ijyb is severely wounded.
Ijyb hits you.
You die...

....#....
.##.....# #
#.......#>#
#.#.# #?.#
#.###.##
#....#
####g# #@#
#.# #<# #.#
#.# #.# #.#
#.# #.#


You could see Ijyb.

Vanquished Creatures
  2 adders
  An ooze (D:2)
  A dart slug (D:2)
  A leopard gecko (D:2)
  2 ball pythons (D:2)
  2 giant cockroaches (D:1)
  8 goblins
  9 hobgoblins
  2 jackals (D:1)
  5 kobolds
  2 quokkas (D:2)
  8 bats
  8 frilled lizards
  6 rats
57 creatures vanquished.

Notes
Turn   | Place    | Note
-------+----------+-------------------------------------------
     0 | D:1      | KarmaPolice the Halfling Hunter began the quest for the Orb.
     0 | D:1      | Reached XP level 1. HP: 14/14 MP: 1/1
   121 | D:1      | Reached XP level 2. HP: 17/19 MP: 2/2
   279 | D:1      | Reached skill level 6 in Slings
   393 | D:1      | Found an iron altar of Okawaru.
   439 | D:1      | Became a worshipper of Warmaster Okawaru
   619 | D:1      | Reached XP level 3. HP: 19/25 MP: 3/3
  1377 | D:2      | Reached skill level 1 in Short Blades
  1794 | D:2      | Reached XP level 4. HP: 30/30 MP: 4/4
  1819 | D:2      | Reached skill level 1 in Invocations
  1943 | D:2      | Found a sacrificial altar of Ru.
  2730 | D:3      | Noticed Ijyb
  2759 | D:3      | HP: 1/30 [Ijyb (1)]
  2761 | D:3      | Slain by Ijyb

Vault maps used:
D:1:      shiori_angband_town, okawaru_ov_weapons_minmay
D:2:      nicolae_ru_great_annihilating_truth
D:3:      first_bread, hangedman_decor_points, kennysheep_small_spiral,
          minmay_cut_off, uniq_robin, uniq_iyjb

Skill      XL: |  1  2  3  4 |
---------------+-------------+-----
Fighting       | 2 |  2.6
Slings         | 6 |  6.0
Stealth        | 2 |  2.3
Short Blades   | 1 |  1.9
Invocations    | 1 |  1.5
Armour         | |  0.7
Dodging        | |  2.1

Action                   |  1- 3 |  4- 6 || total
-------------------------+-------+-------++-------
Melee: Short sword       |   174 |   101 ||   275
 Fire: Hunting sling     |     1 |       ||     1
 Stab: Sleeping          |     2 |     3 ||     5
       Paralysed         |       |     1 ||     1
  Eat: Chunk             |     2 |     4 ||     6
Armor: Leather armour    |    41 |    30 ||    71
Dodge: Dodged            |   195 |    72 ||   267
